 Dungeon Crawl Stone Soup version 0.29.0-4-gdea44cf6ec (webtiles) character file.

Game seed: 14435613494308244614

48 qw the Chopper (level 3, -4/21 HPs)
             Began as a Tengu Warper on Aug 28, 2022.
             Slain by a gnoll
             ... wielding a +2 whip of electrocution
              (5 damage)
             ... on level 2 of the Dungeon.
             The game lasted 00:00:09 (2391 turns).

qw the Chopper (Tengu Warper)                       Turns: 2391, Time: 00:00:10

Health: -4/21      AC:  6    Str: 13    XL:     3   Next: 72%
Magic:  7/7        EV:  9    Int: 13    God:
Gold:   197        SH:  0    Dex: 13    Spells: 6/6 levels left

rFire   . . .      SeeInvis .   Y - +0 hand axe
rCold   . . .      Faith    .   (no shield)
rNeg    . . .      Spirit   .   g - +0 scale mail
rPois   .          Reflect  .   (helmet restricted)
rElec   .          Harm     .   (no cloak)
rCorr   .          Rampage  .   (no gloves)
Will    .....                   (boots unavailable)
Stlth   ..........              h - amulet of the acrobat
HPRegen 0.07/turn               (no ring)
MPRegen 0.10/turn               (no ring)

@: no status effects
A: beak, talons 3
a: no special abilities


You were on level 2 of the Dungeon.
You visited 1 branch of the dungeon, and saw 3 of its levels.

You collected 197 gold pieces.


Innate Abilities, Weirdness & Mutations

You have a beak for a mouth.
You have claws for feet.


   Skills:
 - Level 2.0 Fighting
 + Level 4.3 Axes
 - Level 1.0 Throwing
 - Level 1.1 Armour
 - Level 2.1 Dodging
 - Level 2.0 Spellcasting
 - Level 2.4 Translocations


You had 6 spell levels left.
You didn't know any spells.
Your spell library contained the following spells:

 Spells                   Type           Power      Damage    Failure   Level
 Blink                    Tloc           14%        N/A       56%         2
 Gell's Gravitas          Tloc           7%         N/A       80%         3
 Lesser Beckoning         Tloc           7%         N/A       80%         3
 Teleport Other           Tloc           7%         N/A       80%         3
 Manifold Assault         Tloc           7%         N/A       100%        5

Inventory:

Hand Weapons
 b - a +0 mace
 Y - a +0 hand axe (weapon)
Armour
 g - a +0 scale mail (worn)
Jewellery
 h - an amulet of the acrobat (around neck)
Potions
 e - a potion of resistance {unknown}
 f - 3 potions of curing
 k - a potion of heal wounds {unknown}

Dungeon Overview and Level Annotations

Branches:
Dungeon (3/15)

Altars:


Message History

There is an open door here.
There is a stone staircase leading down here.
You climb downwards.
The gnoll shouts!
Found a ring mail.
There is a stone staircase leading up here.
There are monsters nearby!
Existing waypoints: (1) D:2 (2) D:1 Assign waypoint to what number? (0-9, D - delete waypoint) Waypoint 2 re-assigned from D:1 to D:3.
2385 ||| STAIRDANCE The gnoll barely misses you.
The gnoll hits you with a +2 whip of electrocution.
You climb upwards.
There is a stone staircase leading down here.
You hit the gnoll.
The gnoll is lightly wounded.
You barely miss the gnoll. The gnoll hits you with a +0 club.
The gnoll hits you with a +2 whip of electrocution.
You closely miss the gnoll. Your kick misses the gnoll.
The gnoll is lightly wounded.
You hit the gnoll. The gnoll hits you with a +0 club.
The gnoll hits you with a +2 whip of electrocution.
You hit the gnoll. Your kick misses the gnoll.
The gnoll is severely wounded.
You closely miss the gnoll. The gnoll completely misses you.
The gnoll hits you with a +2 whip of electrocution.
You completely miss the gnoll. Your kick misses the gnoll.
The gnoll is severely wounded.
You barely miss the gnoll. The gnoll hits you with a +0 club.
The gnoll barely misses you.
You hit the gnoll.
You kill the gnoll!
You hit the gnoll.
The gnoll hits you with a +2 whip of electrocution.
You die...

###.....## #.####...# ##'##
##.%#....####.##.....# #.#
#..#####......##.#...# #.#
#.####%##.##.........######.##
#.##....#%######.######......##
##.#....### #.# #.#.....#
###.%..%# #.# #.##...##
####..### #g######.###.#####
...#### #@)......# #...... ##.#
########## ####### ##.# ...#
####


You could see a gnoll.

Vanquished Creatures
  An adder (D:2)
  A gnoll (D:2)
  3 dart slugs
  3 ball pythons
  4 endoplasms
  A giant cockroach (D:1)
  2 goblins
  3 hobgoblins
  4 kobolds
  2 quokkas (D:1)
  3 bats (D:1)
  4 frilled lizards
  A rat (D:1)
32 creatures vanquished.

Notes
Turn   | Place    | Note
-------+----------+-------------------------------------------
     0 | D:1      | qw the Tengu Warper began the quest for the Orb.
     0 | D:1      | Reached XP level 1. HP: 12/12 MP: 4/4
     0 | D:1      | 0 ||| qw: Version: 0.1-a-89-g26bdef1
     0 | D:1      | 0 ||| qw: Game counter: 1643
     0 | D:1      | 0 ||| qw: Always use a shield: true
     0 | D:1      | 0 ||| qw: God list: Okawaru
     0 | D:1      | 0 ||| qw: Allow faded altars: false
     0 | D:1      | 0 ||| qw: Do Orc after D:15 true
     0 | D:1      | 0 ||| qw: Do second Lair branch before Depths: true
     0 | D:1      | 0 ||| qw: Lair rune preference: random
     0 | D:1      | 0 ||| qw: Plans: Normal
     0 | D:1      | 0 ||| PLANNING D:1-11
    73 | D:1      | 73 ||| Stepping ~*~*~tactically~*~*~ (hiding).
   175 | D:1      | 175 ||| Stepping ~*~*~tactically~*~*~ (hiding).
   430 | D:1      | Reached skill level 3 in Axes
   430 | D:1      | Reached XP level 2. HP: 17/17 MP: 6/6
   755 | D:1      | Found a faded altar of an unknown god.
   958 | D:1      | Reached XP level 3. HP: 21/21 MP: 7/7
  1341 | D:1      | 1341 ||| UPGRADING to +0 ring mail.
  1351 | D:1      | 1351 ||| DROPPING +0 leather armour.
  1352 | D:1      | 1352 ||| READING scroll labelled BIGOUNT ZADAUREH.
  1353 | D:1      | 1353 ||| READING 2 scrolls labelled RAOJUEGOGRO.
  1357 | D:1      | 1357 ||| READING scroll labelled DOIKHO NOYCOAW.
  1358 | D:1      | 1358 ||| READING scroll labelled MAFONT BUTYTOT.
  1359 | D:1      | 1359 ||| DRINKING 2 fizzy coppery potions.
  1360 | D:1      | 1360 ||| DROPPING scroll of blinking.
  1370 | D:2      | Reached skill level 4 in Axes
  1586 | D:2      | 1586 ||| DROPPING +0 club.
  1881 | D:2      | 1881 ||| Stepping ~*~*~tactically~*~*~ (stealth).
  2323 | D:2      | 2323 ||| DROPPING scarf of harm.
  2324 | D:2      | 2324 ||| UPGRADING to +0 scale mail.
  2334 | D:2      | 2334 ||| DROPPING +0 ring mail.
  2335 | D:2      | 2335 ||| DROPPING orb of mayhem.
  2336 | D:2      | 2336 ||| UPGRADING to amulet of the acrobat.
  2341 | D:2      | 2341 ||| READING scroll labelled TEUVI ASHRUNUM.
  2342 | D:2      | 2342 ||| READING scroll labelled CAZEBL OHORGH.
  2343 | D:2      | 2343 ||| READING scroll labelled JAYSOY BAIZIOW.
  2344 | D:2      | 2344 ||| READING scroll of teleportation.
  2385 | D:3      | 2385 ||| STAIRDANCE
  2389 | D:2      | HP: 5/21 [gnoll/+2 whip of electrocution (3)]
  2390 | D:2      | HP: 1/21 [gnoll/+0 club (4)]
  2391 | D:2      | Slain by a gnoll

Levels and vault maps discovered:
D:1:      dpeg_arrival_rhombus, layout_basic,
          ebering_ecumenical_altar_abandoned, minmay_misc_feat_x,
          minmay_tetromino_t4
D:2:      layout_loops_corners, serial_rivers, chequers_serial_rivers_micro_a,
          chequers_serial_rivers_micro_e, chequers_serial_rivers_large_b,
          chequers_serial_rivers_micro_a, chequers_serial_rivers_room_a,
          chequers_serial_rivers_micro_c, wander_ebering_terrifying_dragon_lair
D:3:      layout_loops_ring

Skill      XL: |  1  2  3 |
---------------+----------+-----
Axes           | 3 4 |  4.3
Fighting       | |  2.0
Throwing       | |  1.0
Armour         | |  1.1
Dodging        | |  2.1
Spellcasting   | |  2.0
Translocations | |  2.4

Action                   || total
-------------------------++-------
Melee: Hand axe          ||    55
       Kick              ||    12
       Peck              ||     6
       Punch             ||     1
Throw: Boomerang         ||     7
  Use: Scroll            ||     8
       Potion            ||     1
Armor: Leather armour    ||     3
       Ring mail         ||     2
Dodge: Dodged            ||    19

Table legend:
 A = Non-vault XP
 B = Vault XP
 C = Vault XP percentage of total XP
 D = Non-vault monster count
 E = Vault monster count
 F = Vault count percentage of total count
                 A         B        C        D         E       F
            +---------+---------+-------+---------+---------+-------
      Total |      74 |       8 |   9.8 |      27 |       5 |  15.6
            +---------+---------+-------+---------+---------+-------
        D:1 |      34 |       7 |  17.1 |      18 |       4 |  18.2
        D:2 |      40 |       1 |   2.4 |       9 |       1 |  10.0
            +---------+---------+-------+---------+---------+-------
